| TOP OF THE 1ST |
|
Lakewood BlueClaws batting - Pitching for Kane County Cougars : RHP Eric Richards
|
|
Pitching: RHP Eric Richards
|
|
|
Batting: RHB Alberto Ramirez
|
0-0: Ball 1-0: Called Strike 1-1: Called Strike 1-2: Ball 2-2: SINGLE (Line Drive, 78S, EV 108.8 MPH)
|
|
Batting: SHB Bob Dixon
|
0-0: Ball 1-0: Ball 2-0: Fly out, F8 (Flyball, 89D, EV 81.9 MPH)
|
|
Batting: LHB Jose Carlos
|
0-0: Called Strike 0-1: Ball 1-1: Foul Ball, location: 2F 1-2: Ball 2-2: Ball 3-2: Strikes out swinging Alberto Ramirez steals 2nd base Batter strikes out.
|
|
Batting: RHB Danny Krug
|
0-0: Called Strike 0-1: Called Strike 0-2: Ball 1-2: Strikes out swinging
|
| Top of the 1st over - 0 runs, 1 hit, 0 errors, 1 left on base; Lakewood 0 - Kane County 0 |
| BOTTOM OF THE 1ST |
|
Kane County Cougars batting - Pitching for Lakewood BlueClaws : RHP Ken Tetzlaff
|
|
Pitching: RHP Ken Tetzlaff
|
|
|
Batting: LHB Willie Gutierrez
|
0-0: Ball 1-0: Called Strike 1-1: Foul Ball, location: 2F 1-2: Ball 2-2: Foul Ball, location: 2F 2-2: Ball 3-2: Fly out, F9 (Line Drive, 9D, EV 90.6 MPH)
|
|
Batting: RHB Franklin Villanueva
|
0-0: Ball 1-0: Called Strike 1-1: Ground out 4-3 (Groundball, 4, EV 103.1 MPH)
|
|
Batting: RHB Marlon Reda
|
0-0: SINGLE (Groundball, 4MD, EV 100.0 MPH)
|
|
Batting: RHB Matt Maxwell
|
0-0: Ball 1-0: SINGLE (Groundball, 34D, EV 103.1 MPH) Marlon Reda to second
|
|
Batting: LHB T.J. Duvall
|
0-0: Called Strike 0-1: Ball 1-1: Foul Ball, location: 2F 1-2: Foul Ball, location: 2F 1-2: Fielders Choice at 2nd, 6-4 (Groundball, 6, EV 108.1 MPH)
|
| Bottom of the 1st over - 0 runs, 2 hits, 0 errors, 2 left on base; Lakewood 0 - Kane County 0 |
| TOP OF THE 2ND |
|
Lakewood BlueClaws batting - Pitching for Kane County Cougars : RHP Eric Richards
|
|
Batting: RHB Victor Arroyo
|
0-0: Called Strike 0-1: Ball 1-1: Swinging Strike 1-2: Foul Ball, location: 2F 1-2: Foul Ball, location: 2F 1-2: Ball 2-2: Strikes out swinging
|
|
Batting: RHB Roberto Ruiz
|
0-0: Called Strike 0-1: Foul Ball, location: 2F 0-2: Ball 1-2: Ball 2-2: Ground out 5-3 (Groundball, 56, EV 85.0 MPH)
|
|
Batting: SHB Mike Rueth
|
0-0: Foul Ball, location: 2F 0-1: Swinging Strike 0-2: SINGLE (Groundball, 6D, EV 98.8 MPH)
|
|
Batting: RHB Pedro Mata
|
0-0: Swinging Strike 0-1: Ball 1-1: Foul Ball, location: 2F 1-2: Strikes out swinging
|
| Top of the 2nd over - 0 runs, 1 hit, 0 errors, 1 left on base; Lakewood 0 - Kane County 0 |
| BOTTOM OF THE 2ND |
|
Kane County Cougars batting - Pitching for Lakewood BlueClaws : RHP Ken Tetzlaff
|
|
Batting: RHB Wes Santiago
|
0-0: Ball 1-0: Called Strike 1-1: Ball 2-1: Ball 3-1: Foul Ball, location: 2F 3-2: Foul Ball, location: 2F 3-2: Foul Ball, location: 2F 3-2: Strikes out looking
|
|
Batting: RHB Jake Hodge
|
0-0: Ground out 4-3 (Groundball, 4, EV 84.4 MPH)
|
|
Batting: RHB Jason Rivers
|
0-0: Foul Ball, location: 2F 0-1: Called Strike 0-2: Ball 1-2: Fly out, F9 (Flyball, 9D, EV 85.0 MPH)
|
| Bottom of the 2nd over - 0 runs, 0 hits, 0 errors, 0 left on base; Lakewood 0 - Kane County 0 |
| TOP OF THE 3RD |
|
Lakewood BlueClaws batting - Pitching for Kane County Cougars : RHP Eric Richards
|
|
Batting: RHB Steve Jones
|
0-0: Ball 1-0: Foul Ball, location: 2F 1-1: Ground out 5-3 (Groundball, 56, EV 111.2 MPH)
|
|
Batting: RHB Alberto Ramirez
|
0-0: Called Strike 0-1: Ball 1-1: Ball 2-1: Called Strike 2-2: Ball 3-2: Foul Ball, location: 2F 3-2: Base on Balls
|
|
Batting: SHB Bob Dixon
|
0-0: Called Strike 0-1: Foul Ball, location: 2F 0-2: Ground out U3 (Groundball, 34, EV 108.8 MPH) Alberto Ramirez to second
|
|
Batting: LHB Jose Carlos
|
0-0: Called Strike 0-1: Ball 1-1: Ground out U3 (Groundball, 34, EV 93.8 MPH)
|
| Top of the 3rd over - 0 runs, 0 hits, 0 errors, 1 left on base; Lakewood 0 - Kane County 0 |
| BOTTOM OF THE 3RD |
|
Kane County Cougars batting - Pitching for Lakewood BlueClaws : RHP Ken Tetzlaff
|
|
Batting: RHB Mike Persinger
|
0-0: Called Strike 0-1: Ball 1-1: Ball 2-1: Fly out, F9 (Flyball, 9, EV 86.2 MPH)
|
|
Batting: LHB Willie Gutierrez
|
0-0: Ground out 4-3 (Groundball, 4, EV 108.1 MPH)
|
|
Batting: RHB Franklin Villanueva
|
0-0: Swinging Strike 0-1: Called Strike 0-2: Strikes out swinging
|
| Bottom of the 3rd over - 0 runs, 0 hits, 0 errors, 0 left on base; Lakewood 0 - Kane County 0 |
| TOP OF THE 4TH |
|
Lakewood BlueClaws batting - Pitching for Kane County Cougars : RHP Eric Richards
|
|
Batting: RHB Danny Krug
|
0-0: Called Strike 0-1: Foul Ball, location: 2F 0-2: Ball 1-2: Ball 2-2: Ball 3-2: Ground out 6-3 (Groundball, 6, EV 83.1 MPH)
|
|
Batting: RHB Victor Arroyo
|
0-0: Called Strike 0-1: Fly out, F7 (Flyball, 78M, EV 95.6 MPH)
|
|
DELAY
|
Rain delay of 54 minutes in the 4th inning.
|
|
Batting: RHB Roberto Ruiz
|
0-0: Called Strike 0-1: Ground out 6-3 (Groundball, 6M, EV 83.8 MPH)
|
| Top of the 4th over - 0 runs, 0 hits, 0 errors, 0 left on base; Lakewood 0 - Kane County 0 |
| BOTTOM OF THE 4TH |
|
Kane County Cougars batting - Pitching for Lakewood BlueClaws : RHP Ken Tetzlaff
|
|
Batting: RHB Marlon Reda
|
0-0: Called Strike 0-1: Fly out, F8 (Flyball, 8LXD, EV 100.0 MPH)
|
|
Batting: RHB Matt Maxwell
|
0-0: Ball 1-0: Reached on error, E3 (Groundball, 3S, EV 92.5 MPH)
|
|
Batting: LHB T.J. Duvall
|
0-0: Ball 1-0: Ball 2-0: Ball 3-0: Base on Balls Matt Maxwell to second
|
|
Batting: RHB Wes Santiago
|
0-0: Foul Ball, location: 2F 0-1: Ball 1-1: Fielders Choice at 2nd, 1-4 (Groundball, 15S, EV 69.4 MPH) Matt Maxwell to third
|
|
Batting: RHB Jake Hodge
|
0-0: Reached on error, E1 (Groundball, 13S, EV 72.5 MPH) Matt Maxwell scores Wes Santiago to second
|
|
Batting: RHB Jason Rivers
|
0-0: Ball 1-0: Called Strike 1-1: Ground out 3-1 (Groundball, 34, EV 85.6 MPH)
|
| Bottom of the 4th over - 1 run, 0 hits, 2 errors, 2 left on base; Lakewood 0 - Kane County 1 |
| TOP OF THE 5TH |
|
Lakewood BlueClaws batting - Pitching for Kane County Cougars : RHP Eric Richards
|
|
Batting: SHB Mike Rueth
|
0-0: Called Strike 0-1: Ball 1-1: Called Strike 1-2: Foul Ball, location: 2F 1-2: Ball 2-2: Foul Ball, location: 2F 2-2: Foul Ball, location: 2F 2-2: Strikes out swinging
|
|
Batting: RHB Pedro Mata
|
0-0: Ball 1-0: Ball 2-0: Called Strike 2-1: Ball 3-1: Base on Balls
|
|
Batting: RHB Steve Jones
|
0-0: Ball 1-0: Ball 2-0: Fly out, F7 (Line Drive, 7, EV 99.4 MPH)
|
|
Batting: RHB Alberto Ramirez
|
0-0: Called Strike 0-1: SINGLE (Groundball, 34S, EV 68.1 MPH) (infield hit) Pedro Mata to second
|
|
Batting: SHB Bob Dixon
|
0-0: Foul Ball, location: 2F 0-1: Ball 1-1: Called Strike 1-2: Ball 2-2: Strikes out looking
|
| Top of the 5th over - 0 runs, 1 hit, 0 errors, 2 left on base; Lakewood 0 - Kane County 1 |
| BOTTOM OF THE 5TH |
|
Kane County Cougars batting - Pitching for Lakewood BlueClaws : RHP Ken Tetzlaff
|
|
Batting: RHB Mike Persinger
|
0-0: Ball 1-0: Ground out 5-3 (Groundball, 56, EV 79.4 MPH)
|
|
Batting: LHB Willie Gutierrez
|
0-0: Foul Ball, location: 2F 0-1: Ball 1-1: Ball 2-1: Fly out, F5 (Popup, 5SF, EV 78.8 MPH)
|
|
Batting: RHB Franklin Villanueva
|
0-0: Ball 1-0: Foul Ball, location: 2F 1-1: Ground out 5-3 (Groundball, 56, EV 88.1 MPH)
|
| Bottom of the 5th over - 0 runs, 0 hits, 0 errors, 0 left on base; Lakewood 0 - Kane County 1 |
| TOP OF THE 6TH |
|
Lakewood BlueClaws batting - Pitching for Kane County Cougars : RHP Eric Richards
|
|
Batting: LHB Jose Carlos
|
0-0: Ball 1-0: Foul Ball, location: 2F 1-1: Ball 2-1: Reached on error, E3 (Groundball, 3, EV 85.0 MPH)
|
|
Pitching: RHP Ming-feng Pi
|
|
|
Batting: RHB Danny Krug
|
0-0: Swinging Strike 0-1: Called Strike 0-2: Strikes out looking
|
|
Batting: RHB Victor Arroyo
|
0-0: Swinging Strike 0-1: Swinging Strike 0-2: Strikes out swinging
|
|
Batting: RHB Roberto Ruiz
|
0-0: Swinging Strike 0-1: Foul Ball, location: 2F 0-2: Ball 1-2: Ground out 5-3 (Groundball, 56S, EV 90.6 MPH)
|
| Top of the 6th over - 0 runs, 0 hits, 1 error, 1 left on base; Lakewood 0 - Kane County 1 |
| BOTTOM OF THE 6TH |
|
Kane County Cougars batting - Pitching for Lakewood BlueClaws : RHP Ken Tetzlaff
|
|
Batting: RHB Marlon Reda
|
0-0: Ball 1-0: DOUBLE (Flyball, 8RXD, EV 107.5 MPH)
|
|
Batting: RHB Matt Maxwell
|
0-0: Foul Ball, location: 2F 0-1: Called Strike 0-2: Strikes out swinging
|
|
Batting: LHB T.J. Duvall
|
0-0: Ball 1-0: Swinging Strike 1-1: Swinging Strike 1-2: Ball 2-2: Ground out 4-3 (Groundball, 4S, EV 69.4 MPH) Marlon Reda to third
|
|
Batting: RHB Wes Santiago
|
0-0: Ball 1-0: SINGLE (Line Drive, 6D, EV 96.2 MPH) Marlon Reda scores
|
|
Batting: RHB Jake Hodge
|
0-0: Ball 1-0: Called Strike 1-1: SINGLE (Flyball, 34D, EV 90.6 MPH) Wes Santiago to second
|
|
Batting: RHB Jason Rivers
|
0-0: Called Strike 0-1: Ball 1-1: Foul Ball, location: 2F 1-2: Foul Ball, location: 2F 1-2: Ball 2-2: Ball 3-2: Base on Balls Wes Santiago to third Jake Hodge to second
|
|
Pitching: RHP Ronnie DeAngelo
|
|
|
Batting: RHB Mike Persinger
|
0-0: Fielders Choice at 2nd, 6-4 (Groundball, 6, EV 80.6 MPH)
|
| Bottom of the 6th over - 1 run, 3 hits, 0 errors, 3 left on base; Lakewood 0 - Kane County 2 |
| TOP OF THE 7TH |
|
Lakewood BlueClaws batting - Pitching for Kane County Cougars : RHP Ming-feng Pi
|
|
Batting: SHB Mike Rueth
|
0-0: Ball 1-0: Ball 2-0: Ball 3-0: Base on Balls
|
|
Batting: RHB Pedro Mata
|
0-0: Ball 1-0: Called Strike 1-1: Bunted foul 1-2: Fielders Choice at 2nd, 6-4 (Groundball, 6M, EV 89.4 MPH)
|
|
Batting: RHB Steve Jones
|
0-0: Grounds into double play, 5-4-3 (Groundball, 5, EV 87.5 MPH)
|
| Top of the 7th over - 0 runs, 0 hits, 0 errors, 0 left on base; Lakewood 0 - Kane County 2 |
| BOTTOM OF THE 7TH |
|
Kane County Cougars batting - Pitching for Lakewood BlueClaws : RHP Ronnie DeAngelo
|
|
Batting: LHB Willie Gutierrez
|
0-0: Foul Ball, location: 2F 0-1: Fly out, F9 (Flyball, 89M, EV 96.9 MPH)
|
|
Batting: RHB Franklin Villanueva
|
0-0: Ball 1-0: Ground out 1-3 (Groundball, 13, EV 65.6 MPH)
|
|
Batting: RHB Marlon Reda
|
0-0: Ball 1-0: Swinging Strike 1-1: Ball 2-1: Called Strike 2-2: Ground out 4-3 (Groundball, 4, EV 88.1 MPH)
|
| Bottom of the 7th over - 0 runs, 0 hits, 0 errors, 0 left on base; Lakewood 0 - Kane County 2 |
| TOP OF THE 8TH |
|
Lakewood BlueClaws batting - Pitching for Kane County Cougars : RHP Ming-feng Pi
|
|
Pitching: LHP Yorihiko Honda
|
|
|
Batting: RHB Alberto Ramirez
|
0-0: Foul Ball, location: 2F 0-1: Ball 1-1: Ball 2-1: Fly out, F8 (Flyball, 8LD, EV 85.0 MPH)
|
|
Batting: SHB Bob Dixon
|
0-0: Called Strike 0-1: Swinging Strike 0-2: Ball 1-2: Strikes out swinging
|
|
Batting: LHB Jose Carlos
|
0-0: Swinging Strike 0-1: Ball 1-1: Called Strike 1-2: Ball 2-2: Strikes out swinging
|
| Top of the 8th over - 0 runs, 0 hits, 0 errors, 0 left on base; Lakewood 0 - Kane County 2 |
| BOTTOM OF THE 8TH |
|
Kane County Cougars batting - Pitching for Lakewood BlueClaws : RHP Ronnie DeAngelo
|
|
Pitching: RHP Dustin Hensley
|
|
|
Batting: RHB Matt Maxwell
|
0-0: Ball 1-0: Ball 2-0: Ball 3-0: Base on Balls
|
|
Batting: LHB T.J. Duvall
|
0-0: Called Strike 0-1: Ball 1-1: Ball 2-1: Fly out, F8 (Flyball, 8RM, EV 91.2 MPH)
|
|
Batting: RHB Wes Santiago
|
0-0: Called Strike 0-1: Ball 1-1: Foul Ball, location: 2F 1-2: Strikes out swinging
|
|
Batting: RHB Jake Hodge
|
0-0: DOUBLE (Line Drive, 7LS, EV 98.8 MPH) Matt Maxwell to third
|
|
Batting: RHB Jason Rivers
|
0-0: Swinging Strike 0-1: Swinging Strike 0-2: Strikes out swinging
|
| Bottom of the 8th over - 0 runs, 1 hit, 0 errors, 2 left on base; Lakewood 0 - Kane County 2 |
| TOP OF THE 9TH |
|
Lakewood BlueClaws batting - Pitching for Kane County Cougars : LHP Yorihiko Honda
|
|
Pitching: RHP Jose Fernandez
|
|
|
Batting: RHB Danny Krug
|
0-0: Called Strike 0-1: Foul Ball, location: 2F 0-2: SOLO HOME RUN (Flyball, 7LD, EV 96.9 MPH), Distance : 364 ft
|
|
Batting: RHB Victor Arroyo
|
0-0: Foul Ball, location: 2F 0-1: Ball 1-1: Foul Ball, location: 2F 1-2: Foul Ball, location: 2F 1-2: Ball 2-2: Ball 3-2: Fly out, F4 (Flyball, 34D, EV 93.8 MPH)
|
|
Batting: RHB Roberto Ruiz
|
0-0: Called Strike 0-1: Ball 1-1: SINGLE (Flyball, 9S, EV 90.6 MPH)
|
|
Batting: SHB Mike Rueth
|
0-0: Ball 1-0: Called Strike 1-1: Foul Ball, location: 2F 1-2: Ball 2-2: Ground out 4-3 (Groundball, 34, EV 108.8 MPH) Roberto Ruiz to second
|
|
Pinch Hitting: SHB Chris Perteet
|
0-0: Swinging Strike 0-1: Called Strike 0-2: Ball 1-2: Foul Ball, location: 2F 1-2: Strikes out swinging
|
| Top of the 9th over - 1 run, 2 hits, 0 errors, 1 left on base; Lakewood 1 - Kane County 2 |
|